Map: Terminal stellaire EC (Void)

Players

Snake

  • Race: Protoss Protoss
  • League: Silver

netruassin - Winner!

  • Race: Terran Terran
  • League: Platinum

VOD

Have the link to the VOD?

Description

Time

  • Played on: July 23, 2015, 11:40 a.m.
  • Length: 15:23
Show
View Real Time Build Order
Export as new Build Order

Snake Protoss 

Build Orders: 1 Gate Expand, Blink Stalkers, Zealot Archon 

Get SALT Encoding   

  12  0:13  Probe, Pylon  
  13  0:25  Probe (Chrono Boost)  
  14  0:32  Gateway  
  14  0:37  Probe (Chrono Boost)  
  15  0:47  Probe (Chrono Boost)  
  16  0:54  Probe  
  17  1:04  Assimilator  
  17  1:07  Probe  
  18  1:19  Probe  
  19  1:27  Nexus  
  19  1:36  Cybernetics Core  
  19  1:39  Probe  
  20  1:50  Pylon  
  20  1:51  Probe (Chrono Boost)  
  21  2:01  Probe (Chrono Boost), Assimilator  
  22  2:08  Probe (Chrono Boost)  
  22  2:21  Mothership Core (Chrono Boost)  
  24  2:24  Gateway  
  24  2:30  Warp Gate (Chrono Boost)  
  23  2:39  Adept (Chrono Boost)  
  23  2:42  Probe x2  
  27  2:54  Probe x2  
  27  2:57  Gateway  
  29  3:06  Probe  
  29  3:09  Twilight Council  
  29  3:12  Probe  
  31  3:19  Probe  
  32  3:24  Probe  
  33  3:27  Pylon  
  33  3:31  Probe  
  34  3:36  Probe  
  35  3:43  Probe  
  35  3:46  Blink (Chrono Boost)  
  36  3:55  Probe, Robotics Facility  
  37  3:56  Probe  
  38  4:09  Probe x2  
  40  4:16  Assimilator  
  40  4:17  Assimilator  
  40  4:20  Pylon  
  40  4:21  Pylon  
  40  4:23  Stalker  
  42  4:27  Stalker  
  42  4:31  Stalker  
  45  4:49  Observer (Chrono Boost)  
  46  4:56  Templar Archives  
  46  4:58  Probe x2  
  48  5:09  Observer (Chrono Boost)  
  48  5:10  Probe, Nexus  
  50  5:14  Pylon  
  46  5:49  Probe x2, Forge  
  48  5:50  Psionic Storm  
  48  5:51  Gateway  
  48  5:53  Pylon  
  48  6:12  Stalker  
  48  6:14  Stalker  
  48  6:18  Probe (Chrono Boost)  
  53  6:28  Photon Cannon  
  53  6:31  Stargate  
  53  6:44  Probe x3  
  47  6:56  Probe x2  
  49  7:14  Probe (Chrono Boost), Assimilator  
  52  7:18  High Templar x2, Assimilator  
  52  7:20  Probe x2 (Chrono Boost)  
  56  7:28  Probe (Chrono Boost)  
  56  7:29  Phoenix (Chrono Boost)  
  59  7:41  Probe x3  
  62  7:47  Phoenix (Chrono Boost), High Templar x2  
  68  7:51  Archon  
  68  7:53  Probe x3  
  71  8:05  Probe x3  
  74  8:17  Probe (Chrono Boost)  
  74  8:18  Probe (Chrono Boost)  
  77  8:29  Probe x2 (Chrono Boost)  
  77  8:30  Probe (Chrono Boost)  
  77  8:31  Gateway x2  
  77  8:32  Stalker  
  77  8:33  Stalker, High Templar  
  85  8:34  High Templar  
  85  8:36  Pylon  
  85  8:37  Probe x2 (Chrono Boost)  
  85  8:38  Probe (Chrono Boost)  
  90  8:46  Probe  
  90  8:47  Probe  
  93  8:48  Probe  
  93  8:51  Fleet Beacon  
  93  8:57  Protoss Ground Armor Level 1 (Chrono Boost)  
  80  9:20  Stalker x2  
  80  9:21  Stalker x2  
  88  9:59  Stalker  
  90  10:00  Stalker x3  
  90  10:01  Probe x3  
  99  10:13  Probe x3  
  102  10:17  Pylon  
  102  10:18  Pylon  
  102  10:20  Pylon  
  102  10:22  Pylon  
  102  10:25  Probe  
  102  10:26  Probe x2  
  102  10:27  Pylon  
  105  10:31  Pylon  
  105  10:32  Pylon x2  
  105  10:34  Pylon x2  
  105  10:37  Probe  
  105  10:38  Probe  
  107  10:45  High Templar x6  
  107  10:49  Archon x3  
  119  10:54  Probe x2  
  119  10:55  Probe  
  122  11:06  Probe x2  
  122  11:07  Probe  
  122  11:08  Nexus  
  125  11:16  Stalker x3  
  125  11:17  Stalker  
  133  11:18  Probe  
  133  11:19  Probe x2  
  136  11:28  Pylon  
  136  11:39  Pylon  
  136  11:46  Stalker x4  
  144  11:47  Stalker x2  
  99  12:19  High Templar x6  
  111  12:29  Gateway  
  111  12:30  Gateway  
  111  12:32  Gateway  
  111  12:35  Gateway  
  111  12:37  Gateway  
  111  12:40  Gateway, Archon x3  
  111  12:42  Gateway  
  113  12:44  Mothership Core  
  113  12:45  Gateway  
  113  12:46  Probe x2  
  113  12:47  Gateway  
  115  12:52  Assimilator  
  115  12:54  Assimilator  
  115  12:55  Protoss Ground Armor Level 2 (Chrono Boost)  
  115  12:58  Probe x2  
  118  13:05  Probe  
  118  13:07  Stalker x4, Carrier (Chrono Boost)  
  118  13:08  Stalker x2  
  118  13:10  Probe x3  
  133  13:17  Probe  
  134  13:22  Probe x2  
  134  13:23  Probe  
  137  13:29  Probe  
  144  13:34  Probe  
  151  13:43  Probe x3  
  154  14:02  Stalker x3  
  158  14:03  Stalker x6  
  158  14:07  Probe x3  
  158  14:09  Pylon  
  175  14:10  Pylon  
  175  14:12  Pylon  
  181  14:34  Stalker x5  
  181  14:35  Stalker x2  
  143  14:58  Stalker x4  
  143  14:59  Stalker x5  
  149  15:00  Stalker  
Show
View Real Time Build Order
Export as new Build Order

netruassin Terran - Winner!

Build Orders: Reaper Expand 

Get SALT Encoding   

  12  0:01  SCV  
  13  0:13  SCV  
  14  0:19  Supply Depot  
  14  0:26  SCV  
  15  0:42  Barracks  
  15  0:45  SCV, Refinery  
  16  0:58  SCV  
  17  1:10  SCV  
  18  1:22  SCV  
  19  1:30  Supply Depot, Reaper  
  20  1:35  Orbital Command  
  20  1:54  Command Center  
  20  2:02  Barracks Reactor  
  20  2:06  SCV  
  21  2:18  SCV  
  21  2:19  Bunker  
  22  2:27  Factory  
  22  2:30  SCV  
  22  2:31  Refinery  
  23  2:43  Marine  
  23  2:44  Marine  
  24  2:46  SCV  
  26  2:58  SCV  
  26  3:04  Marine x2  
  29  3:07  Orbital Command  
  29  3:10  SCV  
  30  3:13  Factory Tech Lab, Starport  
  30  3:20  Supply Depot  
  30  3:24  Marine x2  
  32  3:37  Orbital Command  
  32  3:42  SCV  
  32  3:43  Supply Depot  
  32  3:44  Marine x2  
  35  3:58  Starport  
  35  4:01  Banshee, Bunker  
  35  4:02  Cloaking Field  
  38  4:04  Marine  
  38  4:05  Marine  
  38  4:08  SCV x2  
  42  4:19  Factory Reactor  
  42  4:20  SCV x2  
  42  4:21  Refinery x2  
  44  4:26  Supply Depot  
  44  4:30  Supply Depot  
  44  4:32  SCV x2  
  44  4:36  Starport Reactor  
  46  4:44  SCV x2  
  48  4:54  Banshee  
  48  4:56  SCV x2  
  48  4:58  Armory  
  53  5:08  SCV  
  53  5:09  SCV  
  53  5:13  Liberator x2  
  55  5:20  SCV  
  55  5:21  SCV  
  54  5:33  SCV x2  
  62  5:36  Hellion x2  
  62  5:41  Command Center  
  66  5:45  SCV x2  
  66  5:49  Banshee, Terran Ship Weapons Level 1  
  71  5:58  Supply Depot  
  71  6:00  Supply Depot  
  71  6:02  Hellion  
  71  6:03  Hellion  
  75  6:05  SCV x2  
  75  6:11  Liberator x2  
  77  6:17  SCV  
  78  6:19  SCV  
  79  6:27  Hellion x2  
  89  6:34  Banshee  
  92  6:57  Liberator x2  
  92  7:10  Orbital Command  
  98  7:18  Fusion Core  
  98  7:24  Supply Depot  
  98  7:25  Supply Depot  
  98  7:27  Supply Depot  
  98  7:30  Supply Depot  
  98  7:39  Banshee  
  98  7:40  Hellion  
  98  7:41  Hellion  
  105  7:46  Terran Ship Weapons Level 2, Command Center  
  105  7:47  Command Center  
  105  7:57  Orbital Command  
  105  7:59  Liberator x2  
  105  8:19  Hellion x2  
  115  8:21  Banshee  
  115  8:22  Supply Depot  
  115  8:25  Supply Depot  
  115  8:26  Supply Depot  
  118  8:28  SCV x3, Supply Depot  
  121  8:40  SCV x3, Hellion  
  121  8:41  Hellion  
  128  8:42  Factory  
  128  9:05  Battlecruiser  
  134  9:17  Liberator x2  
  134  9:35  Factory Tech Lab  
  134  9:36  Orbital Command x2  
  134  9:38  SCV x3  
  143  9:40  Refinery x2  
  140  9:50  SCV x2  
  142  9:59  Starport x2  
  142  10:00  Infernal Pre-Igniter  
  142  10:16  Battlecruiser  
  148  10:21  Hellion  
  148  10:22  Hellion x2  
  154  10:30  SCV x3  
  157  10:39  Starport Tech Lab x2  
  157  10:40  Liberator x2  
  157  10:42  SCV x2  
  159  10:43  SCV, Hellion x3  
  159  10:48  Starport  
  166  10:50  Starport  
  166  10:54  SCV  
  166  10:55  SCV x2  
  169  11:00  Banshee  
  178  11:04  Hellion x2  
  178  11:05  Hellion  
  178  11:06  SCV  
  178  11:07  SCV x2  
  178  11:08  Banshee  
  190  11:16  Orbital Command  
  190  11:20  Engineering Bay  
  192  11:26  Hellion x3  
  192  11:27  Command Center  
  192  11:31  Banshee  
  199  11:33  Starport Tech Lab x2  
  130  12:20  Battlecruiser x2  
  130  12:21  Banshee x2  
  148  12:34  SCV  
  149  12:40  Terran Ship Weapons Level 3  
  149  12:44  Planetary Fortress  
  149  12:46  SCV  
  150  12:58  SCV  
  150  13:00  Banshee  
  150  13:03  Banshee  
  150  13:04  Banshee  
  160  13:07  Refinery x2  
  160  13:10  SCV  
  160  13:11  Refinery  
  160  13:12  Refinery  
  161  13:17  Hellion x3  
  167  13:22  SCV  
  167  13:24  Banshee  
  167  13:25  Missile Turret  
  171  13:30  Missile Turret  
  171  13:35  SCV  
  171  13:38  Hellion  
  171  13:39  Hellion x2  
  178  13:43  Battlecruiser  
  178  13:46  Battlecruiser  
  178  13:47  SCV, Missile Turret  
  178  13:48  Banshee  
  194  13:49  Banshee  
  194  13:50  Missile Turret  
  197  13:59  Hellion  
  199  14:07  Missile Turret  
  199  14:11  Missile Turret  
  199  14:29  Missile Turret  
  199  14:33  Missile Turret  
Tags
 
Add a new tag
Caveats
  • Supply blocks, unpowered buildings, or Contaminate may cause inaccurate times.
  • Supply counts are checked every 10 seconds.